 Dungeon Crawl Stone Soup version 0.30.1-1-g62c8e00024 (webtiles) character file.

Game seed: 14397140600907647769

7139 spardeous the Nimble (level 10, -3/37 HPs)
             Began as a Felid Earth Elementalist on July 15, 2023.
             Was an Initiate of Gozag.
             Slain by a troll (8 damage)
             ... on level 2 of the Orcish Mines.
             The game lasted 00:25:50 (13793 turns).

spardeous the Nimble (Felid Earth Elementalist)    Turns: 13793, Time: 00:25:51

Health: -3/37      AC:  2    Str:  4    XL:     10   Next: 85%
Magic:  12/31      EV: 41    Int: 22    God:    Gozag
Gold:   2346       SH:  0    Dex: 16    Spells: 20/24 levels left
                                        Lives:  0   Deaths: 3

rFire   . . .        (weapon unavailable)
rCold   . . .        (shield unavailable)
rNeg    . . .        (body armour unavailable)
rPois   .            (helmet unavailable)
rElec   .            (cloak unavailable)
rCorr   .            (gloves unavailable)
SInv    +            (boots unavailable)
Will    +....        G - amulet of the acrobat
Stlth   ++           l - ring of magical power
HPRegen 0.26/turn    r - ring of flight
MPRegen 0.22/turn

%: acrobat
@: acrobatic, flying, quick
A: very small, claws 1, fangs 3, see invisible, speed 1, shaggy fur 2, stealthy
paws, no weapons or thrown items, no armour, multi-lived
a: Renounce Religion, Potion Petition, Call Merchant, Bribe Branch


You were on level 2 of the Orcish Mines.
You worshipped Gozag.
Gozag was most pleased with you.
You visited 2 branches of the dungeon, and saw 12 of its levels.

You collected 2845 gold pieces.
You spent 432 gold pieces at shops.
You paid 67 gold pieces to Gozag.

Inventory:

Jewellery
 l - a ring of magical power (left paw)
 r - a ring of flight (right paw)
 G - an amulet of the acrobat (around neck)
 H - a ring of positive energy
Wands
 z - a wand of charming (18)
 F - a wand of iceblast (2)
 J - a wand of mindburst (7)
Scrolls
 b - 2 scrolls of amnesia {unknown}
 c - 3 scrolls of poison {unknown}
 d - 3 scrolls of blinking {unknown}
 f - 2 scrolls of enchant armour
 g - 2 scrolls of immolation {unknown}
 k - 6 scrolls of teleportation {unknown}
 m - 5 scrolls of noise {unknown}
 n - 2 scrolls of magic mapping {unknown}
 o - 3 scrolls of fear {unknown}
 p - 2 scrolls of silence {unknown}
 q - a scroll of enchant weapon {unknown}
 v - 2 scrolls of fog {unknown}
 w - 2 scrolls of butterflies {unknown}
 y - a scroll of torment
 I - a scroll of brand weapon
Potions
 a - a potion of magic
 e - 2 potions of flight
 h - 5 potions of lignification {unknown}
 i - 2 potions of curing
 j - 3 potions of cancellation
 s - 2 potions of degeneration
 t - 2 potions of berserk rage
 u - a potion of ambrosia
 x - 2 potions of invisibility
 B - a potion of mutation
 C - a potion of resistance {unknown}
 D - 4 potions of heal wounds
 E - a potion of attraction
 K - a potion of haste {unknown}


   Skills:
 - Level 14.2 Dodging
 - Level 2.6 Stealth
 + Level 7.7 Spellcasting
 + Level 8.1 Conjurations
 - Level 1.1 Transmutations
 - Level 11.0 Earth Magic


You had 20 spell levels left.
You knew the following spells:

 Your Spells              Type           Power      Damage    Failure   Level
a - Sandblast             Erth           100%       2d20      1%          1
b - Stone Arrow           Conj/Erth      100%       3d13      1%          3

Your spell library contained the following spells:

 Spells                   Type           Power      Damage    Failure   Level
 Passwall                 Tmut/Erth      29%        N/A       1%          2
 Lee's Rapid Deconstruct  Erth           27%        3d14*     2%          5
 Petrify                  Tmut/Erth      35%        N/A       6%          4
 Leda's Liquefaction      Hex/Erth       16%        N/A       8%          4
 Blink                    Tloc           16%        N/A       12%         2
 Lesser Beckoning         Tloc           16%        N/A       12%         2
 Gell's Gravitas          Tloc           8%         N/A       22%         3
 Teleport Other           Tloc           8%         N/A       22%         3
 Manifold Assault         Tloc           8%         N/A       58%         4
 Statue Form              Tmut/Erth      23%        N/A       69%         6
 Storm Form               Tmut/Air       5%         N/A       100%        7


Dungeon Overview and Level Annotations

Branches:
Dungeon (10/15)            Temple (0/1) D:6            Lair (0/5) D:8
    Orc (2/2) D:10
    Elf: Orc:2

Altars:
Ashenzari
Dithmenos
Elyvilon
Fedhas
Gozag
Kikubaaqudgha
Makhleb
Nemelex Xobeh
Qazlal
Sif Muna
Trog
Uskayaw
The Shining One

Shops:
D:2 =   D:4 !   D:5 [   D:7 :   D:8 [

Annotations:
D:8 2 transporters, nroviw's ghost, novice HOFE
D:9 2 transporters, math4jedi's ghost, novice MiBe
Orc:2 2 transporters, DemonSlayer's ghost, journeyman DsEE


Innate Abilities, Weirdness & Mutations

You have sharp claws.
You have razor-sharp teeth.
You have supernaturally acute eyesight. (SInv)
You cover ground quickly. (Speed+)
You are covered in thick fur. (AC +2)
Your paws help you pounce on unaware monsters.
You are incapable of wielding weapons or throwing items.
You cannot wear armour.
You gain extra lives every three experience levels.


Message History

A troll comes into view.
The troll shouts!
Found 7 gold pieces.
The troll misses you. The troll completely misses you. x2
The troll completely misses you. x2; The troll barely misses you.
The troll completely misses you. The troll closely misses you.
The troll completely misses you. The orc completely misses you.
The troll completely misses you. The troll misses you.
The troll completely misses you. The orc completely misses you.
The orc completely misses you. The troll completely misses you.
The troll misses you. The troll completely misses you.
The troll completely misses you. x3; The orc completely misses you.
The troll completely misses you. x2; The troll misses you.
The orc completely misses you. The orc misses you.
The troll completely misses you. The troll misses you.
The troll completely misses you. The orc misses you.
The troll completely misses you. x3
The troll completely misses you. x3; The orc completely misses you.
The troll completely misses you. x3; The orc completely misses you.
The orc barely misses you. The troll barely misses you. x3
The troll completely misses you. x3; The orc hits you but does no damage.
The troll completely misses you. x3; The orc hits you with a +0 flail.
* * * LOW HITPOINT WARNING * * *
The orc completely misses you. The troll barely misses you.
The troll completely misses you. x2
The troll closely misses you. The troll completely misses you. x2
The orc barely misses you.
The troll completely misses you. x3; The orc completely misses you.
The orc completely misses you. The troll completely misses you. x3
The orc completely misses you. The troll bites you!
* * * LOW HITPOINT WARNING * * *
The troll completely misses you. x2
The troll misses you. The troll claws you but does no damage.
The troll completely misses you. The orc misses you. The troll misses you.
The troll completely misses you. x2
The orc completely misses you. The orc completely misses you.
The troll completely misses you. x2
The troll claws you!
You die...
Your body crumbles into a pile of gold.

......#...
#..#.#.....#.......
....#..8..........
###...#....##...8...
##...#..88........#.. $
#...........##....$..
...#......#.8...#8......
......#T..##....#.......
#.....@................
##....o....#......##...
#....#.....###.........
......#..#....##...8....
..... #....#....#.......
.......#................
.........#..............
..........##..#.........
...#...#.....


You could see a troll and an orc.

Vanquished Creatures
  A centaur warrior (D:8)
  5 two-headed ogres
  Pikel (D:8)
  2 cyclopes
  Maurice (D:9)
  A gargoyle (D:10)
  Maggie (D:6)
  A kobold demonologist (D:9)
  5 trolls
  Grinder (D:4)
  3 saltlings (Orc:2)
  A hornet (D:8)
  Sigmund (D:6)
  A shadow (D:10)
  11 yaks
  A steam dragon (D:8)
  A warg (D:10)
  An acid dragon (D:10)
  A two-headed ogre zombie (D:10)
  2 water moccasins
  3 sky beasts
  A black bear (D:4)
  4 ice beasts
  7 orc warriors
  7 centaurs
  2 ogres (Orc:1)
  A lemure (D:8)
  3 phantoms
  Blork the orc (D:6)
  3 bullfrogs
  8 kobold brigands
  A wight (D:8)
  3 troll zombies (D:10)
  A killer bee (D:10)
  9 howler monkeys
  An electric eel (D:9)
  3 hounds
  2 gnoll boudas
  12 orc priests
  4 iguanas
  2 sleepcaps
  23 orc wizards
  4 ogre zombies (D:10)
  15 gnolls
  6 adders
  A white imp (D:5)
  2 worms (D:2)
  47 orcs
  6 ball pythons
  6 endoplasms
  A giant cockroach (D:3)
  8 goblins
  3 hobgoblins
  8 jackals
  5 quokkas
  3 bats
  5 frilled lizards
  2 goblin skeletons (D:10)
  3 goblin zombies (D:10)
  A hobgoblin skeleton (D:10)
  5 hobgoblin zombies (D:10)
  34 kobolds
  2 orc skeletons (D:10)
  11 orc zombies (D:10)
  2 rats
323 creatures vanquished.

Vanquished Creatures (collateral kills)
  A water moccasin (D:8)
  A bullfrog (D:8)
2 creatures vanquished.

Grand Total: 325 creatures vanquished

Notes
Turn   | Place    | Note
-------+----------+-------------------------------------------
     0 | D:1      | spardeous the Felid Earth Elementalist began the quest for
                  | the Orb.
     0 | D:1      | Reached XP level 1. HP: 7/7 MP: 4/4
   136 | D:2      | Reached skill level 3 in Dodging
   185 | D:2      | Found Wam Donn's Jewellery Shoppe.
   226 | D:2      | Reached XP level 2. HP: 11/11 MP: 4/6
   853 | D:4      | Found a broken altar of Ashenzari.
   914 | D:4      | Found Qeul's Distillery.
   997 | D:4      | Noticed Grinder
  1047 | D:4      | Reached XP level 3. HP: 14/14 MP: 4/7
  1212 | D:4      | Paralysed by Grinder for 5 turns
  1388 | D:4      | Reached skill level 4 in Dodging
  1513 | D:4      | Reached XP level 4. HP: 18/18 MP: 5/8
  1664 | D:4      | Killed from afar by Grinder
  1665 | D:4      | Reached XP level 3. HP: -3/14 MP: 2/7
  1669 | D:4      | Found an opulent altar of Gozag.
  1727 | D:4      | Reached skill level 5 in Dodging
  1727 | D:4      | Reached XP level 4. HP: 14/18 MP: 2/8
  1733 | D:4      | Became a worshipper of Gozag Ym Sagoz the Greedy
  2547 | D:2      | Found a faded altar of an unknown god.
  3420 | D:1      | Reached XP level 5. HP: 21/21 MP: 6/9
  3812 | D:4      | Killed Grinder
  3813 | D:4      | Reached skill level 6 in Dodging
  3813 | D:4      | Reached skill level 5 in Earth Magic
  3813 | D:4      | Gained mutation: You are covered in thick fur. (AC +2)
                  | [Felid growth]
  3813 | D:4      | Reached XP level 6. HP: 24/24 MP: 2/10
  4163 | D:4      | Learned a level 3 spell: Stone Arrow
  4579 | D:4      | Reached skill level 7 in Dodging
  4715 | D:4      | Identified the staff of air "Toneq" {rElec rPois}
  4749 | D:5      | Entered Level 5 of the Dungeon
  4769 | D:5      | Found a hide-covered altar of Uskayaw.
  4894 | D:5      | Reached XP level 7. HP: 27/27 MP: 6/11
  5002 | D:5      | Found Ibred's Antique Armour Shop.
  5013 | D:5      | Reached skill level 8 in Dodging
  5603 | D:5      | Reached skill level 9 in Dodging
  5731 | D:5      | Reached XP level 8. HP: 31/31 MP: 9/12
  6200 | D:5      | Found a burning altar of Makhleb.
  6664 | D:6      | Reached skill level 10 in Dodging
  6746 | D:6      | Found a shadowy altar of Dithmenos.
  6781 | D:6      | Noticed Maggie
  6804 | D:6      | Killed Maggie
  6917 | D:6      | Noticed Blork the orc
  6943 | D:6      | Killed Blork the orc
  7108 | D:6      | Found a staircase to the Ecumenical Temple.
  7122 | D:6      | Noticed Sigmund
  7136 | D:6      | Killed Sigmund
  7137 | D:6      | Reached skill level 11 in Dodging
  7394 | D:6      | Reached XP level 9. HP: 20/34 MP: 7/13
  7655 | D:7      | Found a shimmering altar of Xom.
  7655 | D:7      | Found a shimmering altar of Xom.
  7658 | D:7      | Found a shimmering altar of Xom.
  7658 | D:7      | Found a shimmering altar of Xom.
  7827 | D:7      | Reached skill level 12 in Dodging
  7858 | D:7      | Found a stormy altar of Qazlal.
  7875 | D:7      | Found a blossoming altar of Fedhas.
  7892 | D:7      | Found a glowing golden altar of the Shining One.
  8210 | D:7      | Found Xiwuzaeg's Book Shoppe.
  8213 | D:7      | Bought a book of the Earth for 432 gold pieces
  8404 | D:8      | Noticed nroviw's ghost (novice HOFE)
  8512 | D:8      | Noticed Pikel
  8550 | D:8      | Killed Pikel
  8551 | D:8      | Reached skill level 13 in Dodging
  8604 | D:8      | Found a transporter.
  8609 | D:8      | Found a transporter.
  8807 | D:8      | Noticed a two-headed ogre
  8825 | D:8      | Killed a two-headed ogre
  8826 | D:8      | Reached skill level 10 in Earth Magic
  8826 | D:8      | Reached XP level 10. HP: 37/37 MP: 14/14
  8918 | D:8      | Noticed a centaur warrior
  8950 | D:8      | Shot with an arrow by a centaur warrior
  8951 | D:8      | Reached XP level 9. HP: -14/34 MP: 21/22
  8976 | D:8      | Killed a troll
  8980 | D:8      | Killed a centaur warrior
  8981 | D:8      | Reached skill level 14 in Dodging
  9089 | D:8      | Identified the staff of earth "Roywnos" {Str+3}
  9097 | D:8      | Noticed a cyclops
  9106 | D:8      | Noticed a troll
  9161 | D:8      | Killed a troll
  9162 | D:8      | Reached skill level 1 in Conjurations
  9414 | D:8      | Found Jevupuym's Antique Armour Shop.
  9433 | D:8      | Found a staircase to the Lair.
  9745 | D:8      | Killed a cyclops
  9746 | D:8      | Reached XP level 10. HP: 37/37 MP: 14/14
  9938 | D:9      | Noticed math4jedi's ghost (novice MiBe)
  9940 | D:9      | Noticed a moth of wrath
  9941 | D:9      | Noticed a tengu warrior
  9942 | D:9      | Found a bloodstained altar of Trog.
  9958 | D:9      | Found a transporter.
  9961 | D:9      | Found a transporter.
 10086 | D:9      | Noticed Maurice
 10096 | D:9      | Killed Maurice
 10099 | D:9      | Noticed a smoke demon
 10394 | D:9      | Found a sparkling altar of Nemelex Xobeh.
 10601 | D:9      | Found a white marble altar of Elyvilon.
 11078 | D:9      | Noticed a two-headed ogre
 11083 | D:9      | Killed a two-headed ogre
 11084 | D:9      | Reached skill level 5 in Conjurations
 11103 | D:9      | Found an ancient bone altar of Kikubaaqudgha.
 11453 | D:10     | Entered Level 10 of the Dungeon
 11526 | D:10     | Reached skill level 5 in Spellcasting
 11759 | D:10     | Reached XP level 11. HP: 40/40 MP: 19/19
 12138 | D:10     | Noticed a two-headed ogre
 12143 | D:10     | Killed a two-headed ogre
 12163 | D:10     | Found a staircase to the Orcish Mines.
 12241 | D:10     | Noticed a two-headed ogre
 12255 | D:10     | Killed a two-headed ogre
 12599 | D:10     | Noticed a two-headed ogre
 12602 | D:10     | Killed a two-headed ogre
 12677 | D:10     | Found a shimmering blue altar of Sif Muna.
 13197 | Orc:1    | Entered Level 1 of the Orcish Mines
 13607 | Orc:1    | You are sucked into a shaft and drop 1 floor!
 13607 | Orc:2    | Entered Level 2 of the Orcish Mines
 13654 | Orc:2    | Found a transporter.
 13663 | Orc:2    | Noticed DemonSlayer's ghost (journeyman DsEE)
 13670 | Orc:2    | Found a transporter.
 13703 | Orc:2    | Noticed an orc sorcerer
 13719 | Orc:2    | Noticed an orc high priest
 13722 | Orc:2    | Noticed a sixfirhy
 13728 | Orc:2    | HP: 2/40 [warg (10)]
 13729 | Orc:2    | Noticed a sixfirhy
 13732 | Orc:2    | Mangled by a sixfirhy
 13733 | Orc:2    | Reached XP level 10. HP: -6/37 MP: 26/31
 13793 | Orc:2    | Slain by a troll

Illustrated notes

Levels and vault maps discovered:
D:1:      lightli_arrival_noodles, layout_basic
D:2:      minmay_evil_eye, layout_loops_corners, ebering_ecumenical_altar_webs,
          serial_shops, shop
D:3:      layout_basic, kennysheep_minor_cross
D:4:      layout_cave_pods, mainiacjoe_overflow_catwalk,
          nicolae_ashenzari_panopticon, serial_shops,
          nicolae_shop_tiny_waterfront, uniq_grinder
D:5:      layout_loops_cross, makhleb_altar_promises_db,
          nicolae_uskayaw_dance_hall, nicolae_stop_n_shop_1
D:6:      layout_gridville, mainiacjoe_overflow_paths,
          minmay_temple_entry_purple_smoke, uniq_maggie, uniq_blork_the_orc,
          uniq_sigmund
D:7:      layout_basic, grunt_temple_overflow_forces_of_nature,
          xom_shifter_show, amcnicky_altar_gilded, serial_shops,
          kennysheep_mini_moat
D:8:      layout_basic, lair_entry_dummy, serial_shops, shop,
          gammafunk_ghost_hive, minmay_pinched_square, uniq_pikel
D:9:      layout_loops_cross, nicolae_elyvilon_temple_path,
          mainiacjoe_overflow_24_doors, mainiacjoe_overflow_surrounded_room,
          gammafunk_ghost_wrathful_warriors, uniq_maurice
D:10:     layout_long_grid, lemuel_round_altar, zombieorc2_lemuel,
          minmay_fractal_squares_5
Orc:1:    layout_caves, nicolae_volcano_entry_batcave
Orc:2:    hellmonk_orc_salted, layout_diamond_mine, basic_altar,
          gammafunk_ghost_berserking_beasts

Skill      XL: |  1  2  3  4  5  6  7  8  9 10 11 |
---------------+----------------------------------+-----
Dodging        | 3 5 6 7 9 11 14 | 14.2
Earth Magic    | 3 4 5 6 8 10 11 | 11.0
Conjurations   | 3 8 7 |  8.1
Spellcasting   | 5 7 |  7.7
Stealth        | |  2.6
Transmutations | |  1.1

Action                     |  1- 3 |  4- 6 |  7- 9 | 10-12 || total
---------------------------+-------+-------+-------+-------++-------
  Melee: Unarmed           |    12 |     5 |     1 |    12 ||    30
         Bite              |     2 |       |       |     1 ||     3
   Cast: Sandblast         |    59 |   100 |   280 |   242 ||   681
         Stone Arrow       |       |       |       |    33 ||    33
  Evoke: Wand              |       |       |       |     1 ||     1
    Use: Scroll            |       |       |     7 |     4 ||    11
         Potion            |       |       |     2 |     1 ||     3
 Armour: Skin              |     3 |     3 |     4 |     6 ||    16
  Dodge: Dodged            |    40 |    39 |   165 |   339 ||   583
